 Dungeon Crawl Stone Soup version 0.23.2-33-g5129a83184 (webtiles) character file.

Game seed: 18413273301756337237

361 redmage the Slasher (level 6, -18/33 HPs)
             Began as a Vine Stalker Fighter on June 27, 2019.
             Was a Follower of Makhleb.
             Demolished by an ogre
             ... wielding a +0 giant spiked club
              (27 damage)
             ... on level 5 of the Dungeon.
             The game lasted 00:14:01 (1266 turns).

redmage the Slasher (Vine Stalker Fighter)          Turns: 1266, Time: 00:14:01

Health: -18/33     AC:  8    Str: 18    XL:     6   Next: 66%
Magic:  0/8        EV:  8    Int:  8    God:    Makhleb [*.....]
Gold:   126        SH:  9    Dex: 16    Spells: 5/5 levels left

rFire    . . .     SeeInvis .   a - +0 long sword
rCold    . . .     Gourm    .   c - +0 shield
rNeg     . . .     Faith    .   b - +0 scale mail
rPois    .         Spirit   +   (no helmet)
rElec    .         Reflect  .   (no cloak)
rCorr    .         Harm     .   m - +0 pair of gloves
MR       .....                  z - +0 pair of boots
Stlth    +.........             (no amulet)
HPRegen  0.51/turn              s - ring of stealth
MPRegen  0.11/turn              y - ring of flight

@: no status effects
A: fangs 2, regeneration 1, magic shield, antimagic bite, no potion heal 3, rot
immunity
a: Renounce Religion, Evoke Flight


You were on level 5 of the Dungeon.
You worshipped Makhleb.
Makhleb was aware of your devotion.
You were hungry.

You visited 1 branch of the dungeon, and saw 5 of its levels.

You collected 126 gold pieces.

Inventory:

Hand Weapons
 a - a +0 long sword (weapon)
 w - a +2 dagger of venom
Armour
 b - a +0 scale mail (worn)
 c - a +0 shield (worn)
 m - a +0 pair of gloves (worn)
 z - a +0 pair of boots (worn)
Jewellery
 s - a ring of stealth (left hand)
 y - a ring of flight (right hand)
Scrolls
 e - a scroll of blinking {unknown}
 g - a scroll of magic mapping {unknown}
 h - 2 scrolls of remove curse {unknown}
 i - a scroll of random uselessness {unknown}
 n - 2 scrolls of teleportation {unknown}
 u - 3 scrolls of enchant weapon {unknown}
 v - 2 scrolls of amnesia {unknown}
 A - a scroll of enchant armour {unknown}
Potions
 d - 2 potions of might
 j - a potion of curing {unknown}
 k - a potion of mutation {unknown}
 l - a potion of degeneration {unknown}
 o - a potion of lignification {unknown}
 p - a potion of resistance
 q - a potion of brilliance {unknown}
 r - 2 potions of agility
 t - a potion of haste
 x - a potion of heal wounds {unknown}
Comestibles
 f - 3 rations


   Skills:
 + Level 3.9 Fighting
 * Level 4.3 Long Blades
 - Level 2.4 Armour
 + Level 2.2 Dodging
 - Level 2.6 Shields
 + Level 1.6 Invocations


You had 5 spell levels left.
You didn't know any spells.
Your spell library was empty.

Dungeon Overview and Level Annotations

Branches:
Dungeon (5/15)
 Temple: D:4-7

Altars:
Ashenzari
Cheibriados
Elyvilon
Kikubaaqudgha
Makhleb
Sif Muna
Trog
Vehumet
Zin


Innate Abilities, Weirdness & Mutations

You have extremely sharp teeth.
Your natural rate of healing is unusually fast.
When hurt, damage is shared between your health and your magic reserves.
Your bite disrupts and absorbs the magic of your enemies.
Potions cannot restore your health.
You are immune to rotting.


Message History

No target in view!
An ogre comes into view. It is wielding a +0 giant spiked club.
You see here a scroll labeled GEQUDO DYPP.
A - a scroll labeled GEQUDO DYPP You barely miss the ogre.
The ogre hits you with a +0 giant spiked club.
You closely miss the ogre. You bite the ogre. You drain its power.
The ogre is lightly wounded.
The crimson imp hits you but does no damage.
You block the ogre's attack.
The crimson imp blinks!
You hit the ogre but do no damage. Your bite misses the ogre.
The ogre is lightly wounded.
The ogre hits you with a +0 giant spiked club!!
Ouch! That really hurt!
* * * LOW HITPOINT WARNING * * *
The crimson imp shouts, "Slither home, thou odious nut-hook maggot-pie!"
The crimson imp blinks!
The ogre hits you with a +0 giant spiked club!!
Ouch! That really hurt!
You die...

#..#lZ#.Z#..#..# #......
#..#.....#.....# #..###.
#..#...Zl#.....# #.># #.
#..####################..####
#.................†..........
#.......................###..
#..####################......
#..#.....#.....#r.... #.###..
#..#..5..#..@..#......#.# ##.
#..#..#..#..#O.#..###+#.# #.
#..#..#..#§.#..#..# #.# #.
#.....#.....#.....# #.# #.
#.....#.....#.....# #.# #.
################### #.# ## #
#


You could see an ogre, a hound zombie and a frilled lizard.

Vanquished Creatures
  2 bullfrog skeletons
  Jessica (D:2)
  An iguana (D:4)
  6 orc wizards
  2 adders
  An adder skeleton (D:4)
  A worm (D:5)
  3 dart slugs
  3 leopard geckos
  10 orcs
  4 giant cockroaches
  2 goblins
  2 hobgoblins (D:3)
  5 jackals
  A kobold (D:3)
  A quokka (D:3)
  6 bats
  A frilled lizard (D:2)
  A jackal skeleton (D:5)
  A jackal zombie (D:5)
  2 rats
56 creatures vanquished.

Notes
Turn   | Place    | Note
-------+----------+-------------------------------------------
     0 | D:1      | redmage the Vine Stalker Fighter began the quest for the
                  | Orb.
     0 | D:1      | Reached XP level 1. HP: 11/11 MP: 2/2
    65 | D:1      | Reached skill level 2 in Long Blades
    74 | D:1      | Reached XP level 2. HP: 16/16 MP: 3/3
   248 | D:2      | Reached XP level 3. HP: 14/20 MP: 4/4
   253 | D:2      | Found an ancient bone altar of Kikubaaqudgha.
   289 | D:2      | Found a white marble altar of Elyvilon.
   374 | D:2      | Found a burning altar of Makhleb.
   374 | D:2      | Noticed Jessica
   378 | D:2      | Found a glowing silver altar of Zin.
   378 | D:2      | Noticed a balrug
   381 | D:2      | Noticed an angel
   385 | D:2      | Killed Jessica
   385 | D:2      | Reached skill level 1 in Dodging
   386 | D:2      | Became a worshipper of Makhleb the Destroyer
   416 | D:1      | Gained mutation: Your natural rate of healing is unusually
                  | fast. [Vine Stalker growth]
   416 | D:1      | Reached XP level 4. HP: 24/24 MP: 5/5
   448 | D:3      | Reached skill level 3 in Long Blades
   830 | D:3      | Reached XP level 5. HP: 28/28 MP: 6/6
   882 | D:4      | Reached * piety under Makhleb
   882 | D:4      | Reached skill level 1 in Invocations
   939 | D:4      | Found a shattered altar of Ashenzari.
   944 | D:4      | Found a deep blue altar of Sif Muna.
   945 | D:4      | Found a bloodstained altar of Trog.
   946 | D:4      | Reached skill level 4 in Long Blades
   946 | D:4      | Reached XP level 6. HP: 33/33 MP: 7/7
   982 | D:4      | Found a radiant altar of Vehumet.
  1079 | D:5      | Entered Level 5 of the Dungeon
  1176 | D:5      | Found a snail-covered altar of Cheibriados.
  1266 | D:5      | Demolished by an ogre

Skill      XL: |  1  2  3  4  5 |
---------------+----------------+-----
Long Blades    | 2 3 4 |  4.3
Fighting       | 3 |  3.9
Dodging        | 1 2 |  2.2
Invocations    | 1 |  1.6
Armour         | |  2.4
Shields        | |  2.6

Action                   |  1- 3 |  4- 6 || total
-------------------------+-------+-------++-------
Melee: Long sword        |    51 |   107 ||   158
       Bite              |    16 |    44 ||    60
  Use: Scroll            |       |     3 ||     3
  Eat: Chunk             |       |     1 ||     1
Armor: Scale mail        |    48 |    41 ||    89
Dodge: Dodged            |    11 |    44 ||    55
Block: Shield            |    44 |    48 ||    92
       Rpst.: Long sword |     4 |    19 ||    23
